[Event "3rd Rio Open 2024"]
[Site "Rio de Janeiro"]
[Date "2024.04.25"]
[Round "4.5"]
[White "Ribeiro, Matheus Mendes Domin"]
[Black "De Souza Monteiro, Marcos Paulo"]
[Result "1-0"]
[ECO "A11"]
[WhiteElo "2228"]
[BlackElo "1893"]
[Annotator "TA"]
[PlyCount "107"]
[EventDate "2024.04.12"]
[EventType "swiss"]
[EventCountry "BRA"]
[SourceTitle "playchess.com"]
[Source "ChessBase"]
[SourceQuality "1"]
[TimeControl "5400+30"]

1. c4 c6 2. Nf3 d5 3. e3 Nf6 4. Nc3 e6 5. b3 Nbd7 6. Bb2 Bd6 7. Qc2 O-O 8. Rg1 e5 9. cxd5 (9. g4 $5) 9... cxd5 10. Nb5 {[%emt 0:00:03] The position is equal.} Bb8 11. Rc1 d4 12. Ng5 (12. Nc7 $14 Bxc7 13. Qxc7) 12... Nb6 (12... a6 $5 13. Ba3 dxe3 (13... axb5 14. Bxf8 Nxf8 15. Qxc8 $14) 14. dxe3 axb5 15. Bxf8 Nxf8 16. Qxc8 Qa5+ 17. Qc3 Qxc3+ 18. Rxc3 Rxa2 $15) 13. Ba3 Re8 {[%emt 0:00:40] ...h6 would now be deadly.} 14. Bd3 e4 15. Bc4 $2 {[%emt 0:09:35] [#]} (15. Bxe4 $2 Nxe4 16. Nxe4 d3 $19 (16... Bxh2 17. Rh1 $11)) (15. Nxe4 $11 {and White is okay.} Nxe4 16. Bxe4) 15... Nfd5 $1 $19 (15... Bxh2 $2 16. Nxf7 Nxc4 17. Nxd8 $18) (15... Nxc4 16. Qxc4 Qd7 (16... Bxh2 $2 17. Qxf7+ Kh8 18. Qc4 $18) (16... Nd5 17. Nd6 $11) 17. Nc7 Bxc7 18. Qxc7 $17) 16. Nxe4 Bf5 (16... Bxh2 17. Rh1 Bf5 18. Bd3 $17) 17. Bd3 dxe3 (17... Bxh2 18. Rh1 Rc8 19. Qb1 Rxc1+ 20. Qxc1) 18. dxe3 Bxe4 (18... Qh4 $1 $19 {[%cal Od5e3] White must now prevent ...Nxe3!} 19. Ke2 Bxe4 (19... Rxe4 20. Bxe4 Qxe4 21. Qxe4 $11) 20. Bxe4 Qxe4 (20... Rxe4 21. Qc8+ Nxc8 22. Rxc8+) 21. Qxe4 Rxe4) 19. Bxe4 $15 Qh4 20. Bxd5 Nxd5 21. Qc4 (21. Kf1 $17 {is a better defense.}) 21... Nxe3 (21... Qxh2 22. Kf1 Qh5 23. Nd4 $17) (21... Bf4 $19 22. Kf1 (22. Qxd5 $2 Bxe3 23. Kd1 Qxf2 $19) 22... Qh5) 22. Qxh4 Nxg2+ 23. Kf1 Nxh4 24. Rg4 {[%emt 0:04:09] Against Bf4} Nf3 25. Kg2 Ne1+ (25... Nxh2 $2 26. Re4 Be5 (26... Rxe4 27. Rc8+) 27. Bd6 $18) 26. Kf1 Nf3 27. Kg2 Ne1+ (27... Nxh2 $2 28. Re4 Be5 (28... Rxe4 29. Rc8+) 29. Bd6 $18) (27... h5 $15 {should be considered.} 28. Ra4 Ne1+ (28... Nxh2 29. Nc7 $15) 29. Kf1 Nf3) 28. Kg1 (28. Kf1 $11 {remains equal.} h5 29. Ra4) 28... Nf3+ (28... Nd3 $17 29. Rd1 Ne5) 29. Kh1 $2 (29. Kg2 $11 Ne1+ (29... Nxh2 $2 30. Re4 $18)) 29... Be5 (29... Nxh2 30. Re4 Be5 (30... Rxe4 31. Rc8+) 31. Nc7 Bxc7 32. Rxe8+ Rxe8 33. Rxc7 $14) (29... Bxh2 30. Kg2 a6 31. Nc3) (29... h5 $1 $19 30. Rb4 a5 (30... Bxh2 31. Rc3 $15) (30... Nxh2 31. Nc7 $11)) 30. Nc7 Bxc7 ({But not} 30... Nxh2 $6 31. Rb4 Bxc7 32. Rxc7 $14) 31. Rxc7 Rac8 32. Re4 Rcd8 33. Rxe8+ Rxe8 34. Rxb7 $11 {[%emt 0:00:10][%mdl 4096] Endgame. KRB-KRN} Nh4 {[%emt 0:00:31][%cal Re8e1] [#]} 35. h3 (35. Rxa7 $2 Re1#) ({Better is} 35. Be7 $1 $14 Nf5 36. Bb4) 35... h6 36. Rxa7 Re2 (36... Re1+ $11 {keeps the balance.} 37. Kh2 f5) 37. Bc5 $16 Nf3 (37... Rb2 $16 38. b4 Nf3) 38. Be3 (38. b4 $18 {has better winning chances. Threatens to win with a4.} Rc2 39. Ra3) 38... g5 (38... Re1+ $16 39. Kg2 Nh4+ 40. Kh2 Rd1) 39. a4 $2 (39. Kg2 $18 Nh4+ 40. Kf1) 39... f5 $2 (39... Re1+ $1 $11 {and Black stays safe.} 40. Kg2 Nh4+ 41. Kh2 f5) 40. Kg2 $18 Nh4+ 41. Kf1 Rb2 42. Rb7 (42. a5 $142) 42... f4 43. Bd4 Rd2 44. Bc5 (44. Bb6 $18) 44... f3 $2 (44... Ra2 $16 45. Rb4 Kf7) 45. Kg1 Ng6 46. Kh2 Nf4 47. Kg3 {[%emt 0:00:10] White is clearly winning.} Nd3 48. Be3 Rb2 49. Kxf3 Ne1+ 50. Kg4 Nd3 51. a5 Ne5+ 52. Kf5 Nf7 53. Rb8+ Kh7 54. Ke6 {[%emt 0:00:31] White used his chance.   Weighted Error Value: White=0.44/Black=0.59.  Loses game:     	White=2     	Black=2      Missed win:     	White=1     	---        Mistake:       	White=7     	Black=8      Inaccurate:     	White=2     	Black=8      OK:         	White=20    	Black=11     Best:        	White=4     	Black=1      Strong:       	---       	Black=1} 1-0

[Event "3rd Rio Open 2024"]
[Site "Rio de Janeiro"]
[Date "2024.04.25"]
[Round "5.1"]
[White "Matsuura, Everaldo"]
[Black "Fier, Alexandr"]
[Result "0-1"]
[ECO "A35"]
[WhiteElo "2380"]
[BlackElo "2566"]
[Annotator "TA"]
[PlyCount "106"]
[EventDate "2024.04.12"]
[EventType "swiss"]
[EventCountry "BRA"]
[SourceTitle "playchess.com"]
[Source "ChessBase"]
[SourceQuality "1"]
[TimeControl "5400+30"]

1. c4 Nf6 2. Nc3 c5 3. Nf3 Nc6 4. e3 g6 5. d4 cxd4 6. exd4 d5 7. cxd5 Nxd5 8. Qb3 Nxc3 9. Bc4 Nd5 10. Bxd5 e6 11. Bxc6+ bxc6 12. O-O Qd5 13. Bf4 f6 14. Rfc1 g5 {[%emt 0:00:39] The position is equal.} 15. Be3 Be7 16. Nd2 Kf7 17. Qc4 Bd7 18. Nb3 Rhb8 (18... Qxc4 $11 19. Rxc4 Rhb8) 19. Rab1 (19. Qe2 $14) 19... Rb5 20. Nc5 ({White should try} 20. Qe2 $11) 20... Bxc5 $15 21. dxc5 Qxc4 22. Rxc4 e5 23. b3 Be6 24. Ra4 a5 25. f3 Bd5 26. Rc1 Ke6 27. Bd2 h5 28. Kf2 Kf5 29. h3 h4 30. Ke3 Kg6 31. b4 f5 32. Rxa5 Raxa5 33. bxa5 $11 {[%emt 0:00:18][%mdl 4096] Endgame. KRB-KRB} Rb2 34. a3 f4+ 35. Kd3 {[%emt 0:02:00] [#] And now Bb4 would win.} Rb8 36. Bc3 Rd8 37. Ke2 e4 38. fxe4 Bxe4 39. Kf2 Kf5 40. a6 Ra8 41. Rd1 (41. a4 $11 {remains equal.}) 41... Rxa6 $17 42. Rd6 (42. Ra1 $17) 42... Bd5 $1 $19 (42... Rxa3 43. Rf6#) 43. Rf6+ Ke4 44. Bb4 Ra8 45. Ke2 (45. Rg6 $142 Kf5 46. Rh6) 45... Re8 46. Kf1 (46. Bc3 $142) 46... Rg8 (46... Kd3 $142 {Strongly threatening ...Re2.} 47. Be1 Re2) 47. Bd2 Kd3 48. Bb4 (48. Be1) 48... Ke3 {[%emt 0:00:05] Threatens to win with ...g4.} 49. Be1 Bc4+ 50. Kg1 {[%emt 0:00:07] [#]} Ke2 $1 51. Bb4 Bd5 {[%emt 0:00:03] ...Ke3 is the strong threat.} 52. Kh2 $2 (52. Rf5) 52... Kf1 {[%emt 0:00:14][%cal Og8e8] ( -> ...Re8!)} 53. Rd6 Re8 {[%emt 0:00:27] Weighted Error Value: White=0.53/Black=0.15 (very precise) .  Loses game:     	White=1     	---        Mistake:       	White=8     	Black=2      Inaccurate:     	White=3     	Black=3      OK:         	White=14    	Black=17     Best:        	---       	Black=3      Strong:       	---       	Black=2} (53... Bxg2 $2 {too greedy.} 54. Rd1+ Ke2 55. Rd2+ Ke3 56. Rxg2 $18 (56. Kxg2 g4 $18)) 0-1

[Event "3rd Rio Open 2024"]
[Site "Rio de Janeiro"]
[Date "2024.04.25"]
[Round "5.2"]
[White "Lima, Stefan Moisei VIeira"]
[Black "Piccoli, Lucas Fonseca"]
[Result "1-0"]
[ECO "E17"]
[WhiteElo "2176"]
[BlackElo "2274"]
[Annotator "TA"]
[PlyCount "139"]
[EventDate "2024.04.12"]
[EventType "swiss"]
[EventCountry "BRA"]
[SourceTitle "playchess.com"]
[Source "ChessBase"]
[SourceQuality "1"]
[TimeControl "5400+30"]

1. c4 e6 2. g3 d5 3. Bg2 Nf6 4. Nf3 Be7 5. b3 O-O 6. O-O b6 7. d4 Bb7 8. Nc3 Nbd7 9. Bb2 a6 10. Rc1 Bd6 11. Nd2 Ra7 {[%emt 0:07:03] White is slightly better.} 12. e4 dxe4 13. Ndxe4 Qa8 {[%emt 0:00:18] [#]} (13... Bxe4 $14 14. Nxe4 Nxe4) 14. d5 $1 $16 Nxe4 (14... Bb4 15. a3) 15. Nxe4 (15. Bxe4 Nf6 $16) 15... Be5 16. Bxe5 Nxe5 17. f4 Ng6 (17... exd5 $2 18. cxd5 Nd7 (18... Bxd5 $2 19. Nf6+ gxf6 20. Bxd5 $18) 19. Rxc7 $18) 18. Qh5 {[%emt 0:04:16] Rfe1 would now be deadly.} f6 (18... exd5 $142 19. cxd5 Ne7) 19. Rfe1 $36 {[%emt 0:04:39][%mdl 2048] Keeping Black busy. White is much more active.} Re8 (19... exd5 $16 {was called for.} 20. cxd5 Qd8) 20. Bh3 (20. dxe6 $18 {is more deadly. Strongly threatening f5.} Rxe6 21. f5 Rxe4 22. fxg6 (22. Bxe4 Ne5 $18) 22... hxg6 23. Qxg6) 20... e5 $2 (20... exd5 $16 {might work better.} 21. cxd5 Bxd5) 21. f5 (21. Bf5 $142 Nf8 22. fxe5 fxe5 23. Rf1) 21... Nh8 {[%emt 0:06:03] Black is weak on the light squares} (21... Nf8 {was necessary.} 22. g4 h6) 22. g4 $18 h6 (22... Nf7 23. g5 fxg5 24. Nxg5 Nxg5) 23. Rcd1 $2 (23. g5 $18 {and White stays clearly on top.} hxg5 24. Bg4) 23... Nf7 (23... Re7 $16 24. b4 (24. g5 hxg5 25. Bg4 Qe8 $16) 24... a5) 24. Bg2 $2 (24. Nxf6+ gxf6 25. Qg6+ Kf8 26. g5 (26. Qxf6 Qd8 $17) 26... hxg5 27. Qxf6) 24... Re7 $2 (24... Qd8 25. h4 Rf8) 25. Qg6 Kf8 26. h4 {[%emt 0:00:23][%cal Bh2h4,Bh4g5][%mdl 32] [#] g5 is the strong threat.} Nd6 (26... Qe8 $142 27. c5 bxc5) 27. g5 hxg5 28. hxg5 Nxe4 29. Rxe4 Rf7 30. Rh4 Ke7 31. Re1 {[%emt 0:00:53][%cal Oe1e5] Rxe5+! would kill now.} Qf8 32. Bf3 Kd6 (32... Bc8 $142 33. Bh5 Bd7 34. Qxf7+ Qxf7) 33. Rh7 $2 (33. Rxe5 Kc5 34. a3) 33... Re7 34. Qh5 Ra8 35. Be4 fxg5 $2 (35... Rb8 36. b4 c5 37. bxc5+ bxc5) 36. Qg6+ (36. b4 $142) 36... Qf6 37. Rxg7 Rf8 (37... Qxg6 $16 38. Rxg6+ Kc5) 38. Rxe7 ({Not} 38. Qxf6+ Rxf6 39. Rxe7 (39. Rxg5 Bc8 $16) 39... Kxe7 40. d6+ Kxd6 41. Bxb7 Rxf5 42. Bxa6 c6 $18) 38... Kxe7 39. d6+ $1 Kxd6 (39... cxd6 {was worth a try.} 40. Qxf6+ (40. Bxb7 Qxf5 41. Qxf5 Rxf5 $18) 40... Rxf6) 40. Rd1+ Kc5 41. Qxf6 Rxf6 42. Bxb7 Rxf5 43. Bxa6 {[%emt 0:01:27][%mdl 4096] Endgame. KRB-KR} Kb4 44. Rc1 e4 45. Bb7 e3 46. Rc2 {[%emt 0:00:24] Inhibits Rf2.} Ka3 (46... Kc5 {keeps fighting.} 47. Bg2 Kd4) 47. Be4 Rf4 48. Bd5 Rd4 $2 (48... g4 49. Re2 Rd4 50. Rxe3 Kxa2) 49. Kf1 b5 50. Ke2 b4 51. Kxe3 c5 52. Rg2 {[%emt 0:00:31][%cal Od5c6] aiming for Bc6!} Rd1 53. Bc6 Re1+ 54. Kd3 {[%emt 0:00:33][%cal Oc6b5] Intending Bb5! and mate.} Re5 55. Ba4 Rf5 56. Ke4 Rf4+ 57. Kd5 Rf5+ 58. Kd6 (58. Ke6 $142 Rf8 59. Rxg5 Rh8 60. Rxc5 Rh6+ 61. Kd7 Rh7+ 62. Kc6 Kxa2 63. Rd5 Rh6+ 64. Kb5) 58... g4 59. Rxg4 {[%emt 0:00:18] White wants to mate with Rg1.} Rh5 60. Kc6 {[%emt 0:00:09] White mates.} Re5 61. Rg6 Rh5 62. Rd6 Rh2 63. Kxc5 Rxa2 64. Kb5 Rh2 65. c5 Rh5 66. Kb6 Rh2 67. c6 Rd2 68. Rd7 Rc2 69. Ra7 Rc1 70. c7 {[%emt 0:00:11] Weighted Error Value: White=1.08/Black=1.10.  Loses game:     	---       	Black=4      Missed win:     	White=2     	---        Mistake:       	White=3     	Black=9      Inaccurate:     	White=3     	Black=4      OK:         	White=8     	Black=8      Best:        	White=3     	Black=3      Strong:       	White=1     	---        Brilliant:      	White=1     	---} 1-0

[Event "3rd Rio Open 2024"]
[Site "Rio de Janeiro"]
[Date "2024.04.25"]
[Round "5.3"]
[White "Librelato, Kathie Goulart"]
[Black "Ribeiro, Matheus Mendes Domin"]
[Result "0-1"]
[ECO "E04"]
[WhiteElo "2165"]
[BlackElo "2228"]
[Annotator "TA"]
[PlyCount "104"]
[EventDate "2024.04.12"]
[EventType "swiss"]
[EventCountry "BRA"]
[SourceTitle "playchess.com"]
[Source "ChessBase"]
[SourceQuality "1"]
[TimeControl "5400+30"]

1. d4 d5 2. c4 e6 3. Nf3 Nf6 4. g3 dxc4 5. Bg2 c5 6. O-O Nc6 7. Na3 cxd4 8. Nxc4 Bc5 9. a3 a5 10. b3 O-O {[%emt 0:04:40] The position is equal.} 11. Bb2 $1 e5 12. Ncxe5 Nxe5 13. Nxe5 Be6 14. Nd3 (14. Bxb7 Rb8 15. Bg2 Bxb3 $11) (14. b4 $16 axb4 15. axb4 (15. Bxb7 $2 bxa3 16. Bxa8 axb2 $19) 15... Bxb4 16. Rxa8 (16. Qxd4 Qxd4 17. Bxd4 Rxa1 $14) (16. Bxd4 Qe7 $14) (16. Bxb7 $2 Rxa1 17. Qxa1 Qc7 $19) 16... Qxa8 17. Qxd4 (17. Bxd4 Rd8 $11)) 14... Bb6 15. Nf4 ({White should play} 15. Bxb7 $16 Rb8 16. Bf3) 15... Qd7 $11 16. Nxe6 fxe6 17. Qd3 e5 18. Rac1 Kh8 19. a4 Rad8 20. Ba3 {[%emt 0:06:11] A strong pair of Bishops.} Rfe8 21. Be4 Nxe4 22. Qxe4 Qd5 {[%emt 0:00:14] Wards off Bc5} 23. Qxd5 Rxd5 24. Kg2 e4 25. f3 exf3+ 26. Rxf3 (26. exf3 d3 27. Rfe1 Rxe1 (27... Be3 $2 28. Rxe3 Rb8 29. Rd1 $18) 28. Rxe1 h6) 26... Rxe2+ 27. Kf1 {[%emt 0:00:03][%cal Rf3f8] [#]} Re8 ({Worse is} 27... Rxh2 28. Rf8#) 28. Re1 {[%emt 0:00:40] Dodges d3} Red8 (28... Rxe1+ 29. Kxe1 g6 30. Rf7 $11) 29. Ke2 Re5+ 30. Kd2 Re3 31. Be7 Re8 ({But not} 31... Rxf3 $6 32. Bxd8 Rf2+ 33. Kc1 $14) 32. Rexe3 dxe3+ {[%emt 0:00:05][%mdl 4096] Endgame. KRB-KRB} 33. Ke2 h6 ({Inferior is} 33... Rxe7 34. Rf8#) 34. Rf8+ Rxf8 35. Bxf8 {[%emt 0:00:02] KB-KB} Kh7 36. Ba3 Kg6 37. Bc1 Kf5 {[%emt 0:01:32] Threatens to win with ...Kg4.} 38. Bxe3 $2 {[%emt 0:01:41][%mdl 8192] Now White is beyond hope.} (38. Bb2 $11) 38... Bxe3 {[%emt 0:00:32] Black mates.} 39. Kxe3 {[%emt 0:00:02] [#] KP-KP} Kg4 $1 40. Kf2 Kh3 41. Kg1 h5 42. Kh1 h4 43. gxh4 Kxh4 {[%emt 0:00:02] K3P-K3P} 44. Kg2 Kg4 45. h3+ Kf4 46. Kf2 b6 47. Kg2 Ke3 48. Kg3 Kd3 49. Kg4 Kc3 50. Kg5 Kxb3 51. Kg6 Kxa4 52. Kxg7 b5 {[%emt 0:00:47] Weighted Error Value: White=0.16 (very precise) /Black=0.06 (flawless) .  Loses game:     	White=1     	---        Mistake:       	White=2     	Black=1      Inaccurate:     	White=1     	Black=2      OK:         	White=13    	Black=13     Best:        	White=2     	Black=1      Strong:       	White=1     	---} 0-1

[Event "3rd Rio Open 2024"]
[Site "Rio de Janeiro"]
[Date "2024.04.25"]
[Round "5.4"]
[White "Labussiere, Yago"]
[Black "Rangel, Daniel"]
[Result "1/2-1/2"]
[ECO "D35"]
[WhiteElo "2184"]
[BlackElo "2160"]
[Annotator "TA"]
[PlyCount "116"]
[EventDate "2024.04.12"]
[EventType "swiss"]
[EventCountry "BRA"]
[SourceTitle "playchess.com"]
[Source "ChessBase"]
[SourceQuality "1"]
[TimeControl "5400+30"]

1. Nf3 Nf6 2. c4 e6 3. Nc3 d5 4. d4 Be7 5. cxd5 exd5 6. Bf4 O-O 7. e3 c6 8. Bd3 Re8 {[%emt 0:01:24] D35: Queen's Gambit Declined: Exchange Variation.} 9. h3 Bd6 10. Bxd6 Qxd6 11. Qc2 Nbd7 12. O-O g6 13. Rab1 $146 ({Predecessor:} 13. Rfe1 Kg7 14. Rab1 a5 15. Na4 Ne4 16. Bxe4 dxe4 17. Nd2 f5 18. Qc3 Qb4 19. Qc2 {1-0 Haydon,D (2294)-Reimanis,R (2421) English Online Blitz Gp2 2020 (10)}) 13... a5 14. a3 Kg7 15. Rfc1 Re7 16. Na4 b5 17. Nc5 (17. Qxc6 $2 {perishes.} Qxc6 18. Rxc6 bxa4 $19) 17... Nxc5 (17... a4 $14) 18. dxc5 (18. Qxc5 $16 Qxc5 19. Rxc5) 18... Qd8 $11 19. Qc3 Rb7 (19... Re8 $11) 20. b4 $16 axb4 21. axb4 Rba7 22. Ra1 Kg8 23. Nd4 Bd7 24. Rxa7 Rxa7 25. Ra1 Rxa1+ 26. Qxa1 Ne8 (26... Ne4 $14) 27. Qa6 $1 $16 Qc7 28. f4 Kf8 29. Kf2 Ke7 30. Be2 Ng7 31. Qa1 Ne6 32. Nf3 $1 h5 (32... f6 $16) 33. g4 $18 hxg4 (33... f6 $16) 34. hxg4 $18 Nf8 (34... d4 $142 35. Nxd4 Nxd4 36. Qxd4 Be6) 35. g5 Ke8 36. Qf6 Qd8 37. Qh8 Qe7 38. Ne5 Kd8 39. Bg4 (39. Qg7 $18 Ke8 40. Bf3) 39... Kc7 $2 (39... Be8 $16 40. Qg7 Kc7) 40. Nxd7 $18 Nxd7 41. Qa8 Qd8 42. Qa7+ (42. Qa5+ $142 Kc8 43. Qa8+ Kc7 44. Qa7+ Kc8 45. Ke2 Qe7 46. Qb6 f5 47. gxf6 (47. Qxc6+ Kd8 $18) 47... Qxf6 48. Qa6+ Kd8 49. Qa8+ Ke7 50. Qb7 Qb2+ 51. Kf3) 42... Kc8 $18 43. Qa6+ (43. Kg1 $142 Qe7 44. Kf2) 43... Kc7 $18 44. Qa7+ Kc8 45. Qa6+ (45. Kg2 $142 Qe7 46. Kf2) 45... Kc7 $18 46. Kf3 $2 (46. Qa5+ Kc8 47. Qa7) 46... Qc8 $18 {[%emt 0:03:07] [#]} 47. Qa7+ $1 Kd8 {[%emt 0:00:01] [#]} 48. Qa1 $1 Kc7 49. Qa7+ Kd8 50. Qa1 Kc7 $1 51. Qa5+ ({Better is} 51. e4 $16 dxe4+ 52. Kg3) 51... Kb7 $11 52. Kf2 Qc7 53. Qa1 Nb8 54. Qa3 Na6 55. Bf3 Qd7 56. Qa5 Qc7 57. Qa3 Qd7 58. Qa5 Qc7 1/2-1/2

[Event "3rd Rio Open 2024"]
[Site "Rio de Janeiro"]
[Date "2024.04.25"]
[Round "5.5"]
[White "De Siqueira, Luigy Lira"]
[Black "Terao, Juliana Sayumi"]
[Result "1/2-1/2"]
[ECO "C47"]
[WhiteElo "2274"]
[BlackElo "2179"]
[Annotator "TA"]
[PlyCount "137"]
[EventDate "2024.04.12"]
[EventType "swiss"]
[EventCountry "BRA"]
[SourceTitle "playchess.com"]
[Source "ChessBase"]
[SourceQuality "1"]
[TimeControl "5400+30"]

1. e4 e5 2. Nf3 Nc6 3. d4 exd4 4. Nxd4 Nf6 5. Nc3 Bb4 6. Nxc6 bxc6 7. Bd3 d5 8. exd5 O-O 9. O-O Bg4 (9... cxd5 $11 10. h3 h6) 10. f3 $14 Bh5 11. Bg5 Qd6 12. Kh1 (12. Qe1 {keeps more tension.} cxd5 13. Qh4 Bg6 14. Bxf6 gxf6 15. Rad1) 12... Bxc3 13. bxc3 cxd5 14. Qd2 Bg6 15. Rfd1 Rfe8 16. c4 d4 17. Bf4 Qc5 18. Rab1 c6 {[%emt 0:00:23] Repels Rb5} 19. Bg3 Rad8 20. Bf2 Qa3 (20... Bxd3 {simplifies} 21. cxd3 h6 22. Re1 Rxe1+ 23. Rxe1 Qa3) 21. Bxg6 hxg6 22. Bxd4 c5 (22... Rd7 $11) 23. Qc3 Qxc3 24. Bxc3 Rxd1+ 25. Rxd1 {[%emt 0:00:07][%mdl 4096] Endgame. KRB-KRN} Re2 26. Rd8+ Ne8 (26... Kh7 $14) 27. Kg1 Kf8 28. Bd2 Ke7 29. Rd3 Nf6 30. Kf1 Re6 31. Ra3 {[%emt 0:01:59] Dodges Ra6} a6 32. Rb3 Nd7 33. Be3 f6 34. Ke2 g5 35. Rb7 Rc6 36. Bf2 {[%emt 0:00:49] White has more active pieces.} Ke6 (36... Kd8 $142 37. Ra7 Re6+ 38. Kd3 f5) 37. Kd2 $16 g6 38. Kc3 f5 39. Be3 f4 40. Bc1 Rd6 41. Rc7 (41. Ra7 $1 $18) 41... Rd1 $14 42. Ba3 Rg1 43. Bxc5 Rxg2 (43... Nxc5 $14 44. Rxc5 Rxg2) 44. Rc6+ $16 Kf7 {[%emt 0:01:15] [#]} 45. Bd4 $1 {[%emt 0:00:15] Strongly threatening c5.} g4 {[%emt 0:00:31] [#]} 46. fxg4 (46. Rxa6 gxf3 47. Kd3 Re2 $15 (47... Rxh2 48. Rd6 $11)) (46. Rd6 $1 $16 Ke7 47. Rxg6 gxf3 48. Rxg2 fxg2 49. Kd3) 46... f3 $1 $11 47. Rd6 Ke7 48. Rxg6 {[%emt 0:00:46] Black must now prevent Rg7+.} Rxh2 $2 (48... f2 $11 {and Black has nothing to worry.} 49. Bxf2 (49. Rg7+ $2 Kf8 $19) 49... Rxf2) 49. Rg7+ ({Not} 49. Rxa6 f2 50. Bxf2 Rxf2 $17) 49... Ke6 50. Rg6+ (50. Rg5 $142) 50... Ke7 $1 $18 51. Rg5 ({Weaker is} 51. Rxa6 f2 52. Bxf2 Rxf2 $17) 51... Rg2 52. Rf5 Rxg4 53. Rxf3 Kd6 54. Rh3 {[%emt 0:01:59] Hoping for Rh6+.} Rg6 55. Rh5 Kc6 56. a4 Rg2 $2 (56... Nf8 {is tougher.} 57. Rc5+ Kb7) 57. Rh6+ Kb7 58. Rd6 (58. c5 $142) 58... Nb8 59. Rb6+ Kc7 60. Re6 {[%emt 0:01:49] Be5+ is the strong threat.} Nc6 61. Be5+ ({Better is} 61. Bc5 $18) 61... Kb7 $16 62. Bh8 Rg3+ 63. Kb2 Rg4 {[%emt 0:00:15] Inhibits Re4.} 64. Kb3 Na5+ 65. Kb4 $1 Nxc4 66. Kc5 {[%emt 0:00:09] Inhibits Nb6.} Na5 (66... Na3 $1 $11 {remains equal.}) 67. Re7+ Kc8 68. Bd4 {[%emt 0:01:43] [#]} (68. Kb6 $14 Nc4+ 69. Kxa6) 68... Rxd4 $1 $11 69. Kxd4 {[%emt 0:06:15] White really could win this.   Weighted Error Value: White=0.22 (precise) /Black=0.21 (precise) .  Loses game:     	---       	Black=1      Mistake:       	White=6     	Black=7      Inaccurate:     	White=6     	Black=1      OK:         	White=17    	Black=24     Best:        	White=3     	Black=9      Strong:       	White=2     	Black=2      Brilliant:      	---       	Black=1} (69. Re8+ Kd7) 1/2-1/2

[Event "3rd Rio Open 2024"]
[Site "Rio de Janeiro"]
[Date "2024.04.25"]
[Round "5.6"]
[White "Becker, Rogerio Sperb"]
[Black "Hoffman, Alejandro"]
[Result "0-1"]
[ECO "E11"]
[WhiteElo "2054"]
[BlackElo "2379"]
[Annotator "TA"]
[PlyCount "74"]
[EventDate "2024.04.12"]
[EventType "swiss"]
[EventCountry "BRA"]
[SourceTitle "playchess.com"]
[Source "ChessBase"]
[SourceQuality "1"]
[TimeControl "5400+30"]

1. c4 e6 2. d4 Nf6 3. Nf3 Bb4+ 4. Bd2 Qe7 5. Qc2 Bxd2+ 6. Nbxd2 d6 7. e4 e5 8. d5 O-O 9. Be2 a5 10. O-O Na6 {[%emt 0:01:48] Black has an edge.} 11. b3 Bd7 12. a3 c6 13. Rac1 Rfc8 14. Qb1 Qd8 15. b4 axb4 16. axb4 c5 17. b5 Nb4 18. Qb3 Qa5 19. Qe3 Qa2 20. Qg5 (20. Bd1 $11 {keeps the balance.}) 20... h6 (20... Ra3 $142 {Hoping for ...h6.} 21. Rfd1 Rf8) 21. Qh4 (21. Qe3 $17 {is the only way for White.}) 21... Bg4 $1 $19 {[%emt 0:01:23] Threatens to win with ...Bxf3.} 22. Rfd1 Bxf3 23. Bxf3 Nc2 (23... Ra3 $19 24. Nf1 Nd3) 24. Nf1 Nd4 (24... Qxc4 25. Rd2 $16 (25. Ne3 Nxe3 26. Rxc4 Nxd1 $17)) 25. Ne3 Ra3 26. h3 ({White should try} 26. Kh1) 26... Rca8 $17 27. Re1 Rb3 28. Rf1 Raa3 29. Kh1 Rb2 (29... Kh7 $17 {...Rb2 would now be deadly.} 30. Rce1 Rb2) 30. Rce1 $2 {[%emt 0:00:30][%mdl 8192] [#]} (30. Ng4 $1 $15 Nxg4 (30... Nxf3 31. Nxf6+ gxf6 32. gxf3 $11) 31. Bxg4) 30... Qb3 $2 (30... Rxe3 $1 $19 {and Black stays clearly on top.} 31. Rxe3 Qxc4) 31. Bd1 Qd3 $36 {[%emt 0:00:30][%mdl 2048] Black fights for an advantage. Black is much more active.} (31... Qc3 $17 {Strongly threatening ...Raa2.} 32. Ng4 Nxg4 (32... Qxc4 33. Nxf6+ gxf6 34. Bh5 $18) 33. Bxg4 Kh7 (33... Qxc4 34. Qd8+ Kh7 35. Qxd6 $14) (33... Ra8 34. Qe7 $15)) 32. Ng4 $15 Nxe4 {[%emt 0:00:30][%cal Oe4d2] aiming for ...Nd2!} 33. Kg1 $2 {[%emt 0:00:30][%mdl 8192] [#]} (33. Qd8+ $1 $11 {and White is okay.} Kh7 34. Qd7) 33... Nd2 $1 $19 {[%emt 0:00:30] Excellent horsemanship.} 34. Re3 (34. Qd8+ $19 Kh7 35. Qxd6 Nxf1 (35... Nxc4 36. Qxc5 Rxb5 37. Qc7 $14) (35... Qxc4 36. Qf8 $16) 36. Qe7) 34... Qxf1+ {[%emt 0:00:00] Black mates.} 35. Kh2 Rxe3 ({Not} 35... Nxc4 36. Rxa3 Nxa3 37. Qd8+ Kh7 38. Nf6+ gxf6 39. Qf8 $11) 36. Nxh6+ gxh6 37. Qg4+ Kh8 {[%emt 0:02:00] Weighted Error Value: White=0.65/Black=0.45.  Loses game:     	White=2     	---        Missed win:     	---       	Black=1      Mistake:       	White=4     	Black=4      Inaccurate:     	White=2     	Black=1      OK:         	White=6     	Black=11     Best:        	White=3     	Black=1      Strong:       	---       	Black=1} 0-1